 Dungeon Crawl Stone Soup version 0.31-a0-217-g58bb5d79cf (webtiles) character file.

Game seed: 8066550696746530358

1777 Zonian the Thaumaturge (level 8, -2/41 HPs)
             Began as a Deep Elf Summoner on July 2, 2023.
             Slain by a vampire mosquito (6 damage)
             ... on level 7 of the Dungeon.
             The game lasted 00:15:39 (7741 turns).

Zonian the Thaumaturge (Deep Elf Summoner)          Turns: 7741, Time: 00:15:45

Health: -2/41      AC:  3    Str:  5    XL:     8   Next: 81%
Magic:  22/23      EV: 13    Int: 23    God:
Gold:   390        SH:  0    Dex: 15    Spells: 15/25 levels left

rFire   . . .        o - +8 whip "Snakebite" {venom, curare, rPois}
rCold   . . .        (no shield)
rNeg    . . .        a - +0 robe
rPois   +            (no helmet)
rElec   .            (no cloak)
rCorr   .            (no gloves)
SInv    .            q - +0 pair of boots
Will    +....        A - amulet of magic regeneration
Stlth   ++           k - ring of willpower
HPRegen 0.26/turn    u - ring of poison resistance
MPRegen 0.58/turn

%: no passive effects
@: studying Shields
A: no striking features
a: no special abilities


You were on level 7 of the Dungeon.
You visited 1 branch of the dungeon, and saw 7 of its levels.

You collected 390 gold pieces.

Inventory:

Hand Weapons
 f - a +0 dagger
 n - a +0 short sword of freezing
 o - the +8 whip "Snakebite" (weapon) {venom, curare, rPois}
   (You found it on level 4 of the Dungeon)

   rPois:     It protects you from poison.
Missiles
 i - 3 javelins
 l - 44 stones
 m - 3 curare-tipped darts
 p - 13 poisoned darts
 t - 5 atropa-tipped darts
 E - 2 throwing nets
Armour
 a - a +0 robe (worn)
 q - a +0 pair of boots (worn)
 D - a +1 hat
Jewellery
 e - an amulet of guardian spirit
 h - a ring of positive energy
 k - a ring of willpower (left hand)
 u - a ring of poison resistance (right hand)
 A - an amulet of magic regeneration (around neck)
Wands
 F - a wand of iceblast (7)
Scrolls
 d - 2 scrolls of revelation
 j - 5 scrolls of teleportation
 v - a scroll of fog
 w - a scroll of enchant armour {unknown}
 y - a scroll of fear {unknown}
Potions
 b - a potion of magic
 c - 2 potions of brilliance
 g - a potion of mutation
 r - a potion of curing
 s - 2 potions of enlightenment {unknown}
 x - a potion of ambrosia {unknown}
 z - 2 potions of degeneration {unknown}
 B - a potion of resistance {unknown}
 C - a potion of berserk rage {unknown}
 G - a potion of cancellation {unknown}
 H - a potion of heal wounds


   Skills:
 + Level 2.8 Maces & Flails
 - Level 2.7 Dodging
 - Level 2.7 Stealth
 + Level 9.0 Spellcasting
 + Level 8.3 Summonings
 + Level 5.0 Air Magic


You had 15 spell levels left.
You knew the following spells:

 Your Spells              Type           Power      Damage    Failure   Level
a - Summon Small Mammal   Summ           100%       N/A       1%          1
b - Call Imp              Summ           96%        N/A       1%          2
c - Call Canine Familiar  Summ           48%        N/A       1%          3
d - Summon Lightning Spi  Summ/Air       41%        N/A       4%          4

Your spell library contained the following spells:

 Spells                   Type           Power      Damage    Failure   Level
 Summon Guardian Golem    Hex/Summ       29%        N/A       3%          3
 Vhi's Electric Charge    Tloc/Air       44%        N/A       7%          3
 Ensorcelled Hibernation  Hex/Ice        20%        N/A       10%         2
 Hailstorm                Conj/Ice       10%        3d5       19%         3
 Ice Form                 Ice/Tmut       10%        N/A       52%         4
 Arcjolt                  Conj/Air       11%        1d21      52%         5
 Plasma Beam              Fire/Air       11%        2x1d22    98%         6
 Simulacrum               Ice/Necr       5%         N/A       100%        6
 Malign Gateway           Summ/Tloc      14%        N/A       100%        7
 Spellforged Servitor     Conj/Summ      14%        N/A       100%        7


Dungeon Overview and Level Annotations

Branches:
Dungeon (7/15)
 Temple: D:4-7

Altars:
Wu Jian

Shops:
D:3 (   D:5 [

Annotations:
D:6 exclusions: steam dragon and 1 more exclusion


Message History

The vampire mosquito is lightly damaged.
The vampire mosquito closely misses you.
Your cerulean imp closely misses the vampire mosquito.
The vampire mosquito closely misses you.
Unknown command.
You closely miss the vampire mosquito.
The vampire mosquito is lightly damaged.
The vampire mosquito closely misses you.
A vampire mosquito comes into view.
Your cerulean imp hits the vampire mosquito but does no damage.
The vampire mosquito barely misses you.
You whack the vampire mosquito!
The vampire mosquito is moderately damaged.
The vampire mosquito bites you.
The vampire mosquito draws strength from your injuries!
Your cerulean imp hits the vampire mosquito with a +0 spear.
The vampire mosquito closely misses you.
The vampire mosquito bites you.
The vampire mosquito draws strength from your injuries!
The vampire mosquito attacks as you move away!
The vampire mosquito bites you.
The vampire mosquito draws strength from your injuries!
Your cerulean imp hits the vampire mosquito from afar with a +0 spear.
The vampire mosquito closely misses you.
The vampire mosquito bites you.
The vampire mosquito draws strength from your injuries!
You closely miss the vampire mosquito.
The vampire mosquito is moderately damaged.
The vampire mosquito closely misses you.
The vampire mosquito completely misses you.
Your cerulean imp misses the vampire mosquito.
The vampire mosquito misses you. x2; The vampire mosquito barely misses you.
Unknown command.
You closely miss the vampire mosquito.
The vampire mosquito is moderately damaged.
The vampire mosquito bites you!
* * * LOW HITPOINT WARNING * * *
The vampire mosquito draws strength from your injuries!
The vampire mosquito bites you.
You die...

#..............
..........####.#
###...###.#
#######.#
#....##.# ..
#.......# ....
#...8...#.....
#.....y.......
#....@y.5.....
#.....y...#...
#.........# ..
#######+### .


You could see 3 vampire mosquitoes, a friendly lightning spire (summoned) and a
friendly cerulean imp (summoned).

Vanquished Creatures
  Sigmund (D:4)
  An orc warrior (D:6)
  2 black bears
  2 ogres
  A scorpion (D:6)
  2 orc priests
  A sleepcap (D:7)
  A hound (D:4)
  2 iguanas
  4 orc wizards
  7 gnolls
  An adder (D:4)
  2 worms
  4 dart slugs
  8 orcs
  3 ball pythons
  2 bats
  An endoplasm (D:4)
  3 giant cockroaches
  A goblin (D:2)
  A hobgoblin (D:4)
  3 jackals (D:5)
  5 quokkas
  2 kobolds (D:1)
  3 rats
63 creatures vanquished.

Vanquished Creatures (collateral kills)
  An ice beast (D:7)
  An ogre (D:6)
  2 gnoll sergeants (D:6)
  A scorpion (D:4)
  2 hounds
  A gnoll bouda (D:6)
  2 sleepcaps (D:6)
  An orc wizard (D:5)
  9 gnolls
  3 adders
  A shadow imp (D:5)
  A worm (D:3)
  2 dart slugs
  4 orcs
  3 ball pythons
  3 bats
  3 endoplasms
  3 giant cockroaches
  4 goblins
  6 hobgoblins
  2 quokkas (D:1)
  A frilled lizard (D:1)
  5 kobolds
  2 rats (D:1)
63 creatures vanquished.

Grand Total: 126 creatures vanquished

Notes
Turn   | Place    | Note
-------+----------+-------------------------------------------
     0 | D:1      | Zonian the Deep Elf Summoner began the quest for the Orb.
     0 | D:1      | Reached XP level 1. HP: 10/10 MP: 6/6
   182 | D:1      | Reached XP level 2. HP: 12/15 MP: 6/8
  1075 | D:1      | Reached XP level 3. HP: 17/19 MP: 6/10
  1115 | D:1      | Learned a level 2 spell: Call Imp
  1390 | D:1      | Reached skill level 4 in Spellcasting
  1505 | D:2      | Reached skill level 5 in Summonings
  1881 | D:2      | Learned a level 3 spell: Call Canine Familiar
  2178 | D:2      | Reached XP level 4. HP: 24/24 MP: 12/12
  2728 | D:3      | Found Oclado's Weapon Emporium.
  3379 | D:4      | Noticed a scorpion
  3391 | D:4      | Reached skill level 5 in Spellcasting
  3400 | D:4      | Killed a scorpion
  3401 | D:4      | Reached XP level 5. HP: 20/28 MP: 8/15
  3653 | D:4      | Learned a level 4 spell: Summon Lightning Spire
  3728 | D:4      | Noticed a black bear
  3753 | D:4      | Killed a black bear
  3754 | D:4      | Reached skill level 6 in Spellcasting
  3754 | D:4      | Reached skill level 1 in Air Magic
  3754 | D:4      | Reached XP level 6. HP: 15/32 MP: 4/17
  4054 | D:4      | Found the +8 whip "Snakebite" {venom, curare, rPois}
  4072 | D:4      | Got the Lessons on Helpful Snow
  4205 | D:4      | Noticed Sigmund
  4210 | D:4      | Killed Sigmund
  4284 | D:4      | Reached skill level 7 in Spellcasting
  4284 | D:4      | Reached XP level 7. HP: 36/36 MP: 17/19
  4757 | D:5      | Entered Level 5 of the Dungeon
  5004 | D:5      | Reached skill level 1 in Maces & Flails
  5190 | D:5      | Found Ryss's Armour Emporium.
  5582 | D:5      | Found an ornate altar of the Wu Jian Council.
  5612 | D:6      | Noticed a steam dragon
  5772 | D:6      | Reached XP level 8. HP: 41/41 MP: 21/21
  5804 | D:6      | Reached skill level 8 in Spellcasting
  7259 | D:7      | Reached skill level 5 in Air Magic
  7507 | D:7      | Reached skill level 9 in Spellcasting
  7741 | D:7      | Slain by a vampire mosquito

Illustrated notes

Levels and vault maps discovered:
D:1:      amcnicky_arrival_single_pillar, layout_loops_cross, minmay_unequal
D:2:      layout_loops_corners, nicolae_concentric_dashed_squares_wild
D:3:      layout_basic, serial_shops, nicolae_shop_bloodbath_and_beyond
D:4:      layout_loops_ring, kennysheep_minor_cross, minmay_manual_mess,
          uniq_sigmund
D:5:      layout_rooms, general_overflow_altar, serial_shops, shop
D:6:      layout_loops_ring, minmay_misc_feat_chi
D:7:      layout_basic, nicolae_ru_path_of_blood,
          yredelemnul_forgotten_temple_becter, lemuel_temple_firewalk_b,
          feat_on_display, uniq_menkaure

Skill      XL: |  1  2  3  4  5  6  7  8 |
---------------+-------------------------+-----
Spellcasting   | 4 5 6 7 9 |  9.0
Summonings     | 5 6 7 8 |  8.3
Air Magic      | 1 2 3 5 |  5.0
Maces & Flails | 1 2 |  2.8
Dodging        | |  2.7
Stealth        | |  2.7

Action                     |  1- 3 |  4- 6 |  7- 9 || total
---------------------------+-------+-------+-------++-------
  Melee: Unarmed           |     8 |       |       ||     8
         Dagger            |    91 |       |       ||    91
         Short sword       |    17 |    73 |       ||    90
         Whip              |       |    10 |    98 ||   108
         Punch             |       |       |     3 ||     3
  Throw: Dart              |       |     1 |       ||     1
   Cast: Summon Small Mamm |    21 |     5 |     1 ||    27
         Call Imp          |     8 |    11 |    11 ||    30
         Call Canine Famil |       |       |    13 ||    13
         Summon Lightning  |       |       |     2 ||     2
    Use: Scroll            |     3 |     8 |     1 ||    12
         Potion            |       |     1 |     1 ||     2
   Stab: Distracted        |     2 |     2 |     1 ||     5
         Sleeping          |       |     4 |     2 ||     6
 Armour: Robe              |    22 |    18 |    14 ||    54
  Dodge: Dodged            |    97 |    54 |    74 ||   225

Table legend: (Time is in decaauts)
 A = Elapsed time spent in this place.
 B = Non-inter-level travel time spent in this place.
 C = Inter-level travel time spent in this place.
 D = Time resting spent in this place.
 E = Time spent auto-exploring this place.
 F = Levels seen in this place.
 G = Mean time per level.
                   A        B        C        D        E       F      G
               +--------+--------+--------+--------+--------+-----+--------+
         Total |   7739 |   7595 |    144 |   2168 |   3972 |   7 | 1105.6 |
       Dungeon |   7739 |   7595 |    144 |   2168 |   3972 |   7 | 1105.6 |
               +--------+--------+--------+--------+--------+-----+--------+

Top non-repeatable levels by time:
     D:6: 1653 daAuts
     D:4: 1494 daAuts
     D:1: 1481 daAuts
     D:2: 1192 daAuts
     D:5: 841 daAuts
     D:3: 586 daAuts
     D:7: 489 daAuts
